 Dungeon Crawl Stone Soup version 0.31-a0-982-g1816016f30 (webtiles) character file.

Game seed: 11128672541651290629

1239 BinkBink the Nimble (level 8, -1/51 HPs)
             Began as a Tengu Monk on Nov 2, 2023.
             Was a High Priest of Uskayaw.
             Slain by a wyvern zombie (4 damage)
             ... in an ossuary.
             The game lasted 00:05:41 (4321 turns).

BinkBink the Nimble (Tengu Monk)                    Turns: 4321, Time: 00:05:42

Health: -1/51      AC:  2    Str: 12    XL:     8   Next: 49%
Magic:  9/9        EV: 21    Int: 11    God:    Uskayaw [*****.]
Gold:   204        SH:  0    Dex: 18    Spells: 7/7 levels left

rFire   . . .        a - +0 short sword
rCold   . . .        d - orb {light}
rNeg    . . .        b - +0 robe
rPois   .            (helmet restricted)
rElec   .            (no cloak)
rCorr   .            (no gloves)
SInv    .            (boots unavailable)
Will    .....        (no amulet)
Stlth   +            (no ring)
HPRegen 0.28/turn    (no ring)
MPRegen 0.11/turn

%: acrobat
@: flying, glowing
A: beak, talons 3, evasive flight, acrobatic
a: Renounce Religion, Stomp, Line Pass, Grand Finale


You were in an ossuary.
You worshipped Uskayaw.
Uskayaw was noncommittal.
You visited 1 branch of the dungeon, and saw 5 of its levels.
You also visited: Ossuary.

You collected 204 gold pieces.

Inventory:

Hand Weapons
 a - a +0 short sword (weapon)
 j - a +0 great sword
Armour
 b - a +0 robe (worn)
 d - an orb of light (worn)
Wands
 n - a wand of iceblast (1)
Scrolls
 e - 2 scrolls of amnesia
 f - 3 scrolls of teleportation
 k - a scroll of acquirement {unknown}
 l - a scroll of fear {unknown}
 o - a scroll of enchant weapon {unknown}
Potions
 c - 2 potions of ambrosia
 g - 2 potions of curing
 h - a potion of heal wounds {unknown}
 i - a potion of might
 m - 2 potions of attraction {unknown}


   Skills:
 + Level 5.7 Fighting
 + Level 6.3 Short Blades
 * Level 8.4 Dodging


You had 7 spell levels left.
You didn't know any spells.
Your spell library contained the following spells:

 Spells                   Type           Power      Damage    Failure   Level
 Slow                     Hex            0%         N/A       34%         1
 Confusing Touch          Hex            0%         N/A       71%         3
 Sigil of Binding         Hex            0%         N/A       71%         3
 Vampiric Draining        Necr           0%         2d6       71%         3


Dungeon Overview and Level Annotations

Branches:
Dungeon (5/15)            Ossuary (1/1)
 Temple: D:4-7

Altars:
Makhleb
Uskayaw


Innate Abilities, Weirdness & Mutations

You have a beak for a mouth.
You have claws for feet.
Your magical flight helps you evade attacks. (EV +4)
You can magically evade attacks while moving or waiting.


Message History

The wyvern zombie closely misses you.
You puncture the wyvern zombie!
You peck the wyvern zombie, but do no damage.
The wyvern zombie is lightly damaged.
The wyvern zombie closely misses you.
You hit the wyvern zombie. You claw the wyvern zombie.
The wyvern zombie is heavily damaged.
The wyvern zombie closely misses you.
You hit the wyvern zombie but do no damage.
You claw the wyvern zombie, but do no damage.
You peck the wyvern zombie.
The wyvern zombie is heavily damaged.
The wyvern zombie completely misses you.
You completely miss the wyvern zombie.
The wyvern zombie is heavily damaged.
You hit the wyvern zombie.
The wyvern zombie is heavily damaged.
The wyvern zombie misses you.
You hit the wyvern zombie but do no damage.
You claw the wyvern zombie.
The wyvern zombie is severely damaged.
The wyvern zombie misses you.
You hit the wyvern zombie. You claw the wyvern zombie.
The wyvern zombie is severely damaged.
The wyvern zombie bites you.
* * * LOW HITPOINT WARNING * * *
You hit the wyvern zombie.
The wyvern zombie is severely damaged.
The wyvern zombie barely misses you.
You hit the wyvern zombie but do no damage.
You claw the wyvern zombie.
You peck the wyvern zombie, but do no damage.
The wyvern zombie is severely damaged.
The wyvern zombie bites you.
* * * LOW HITPOINT WARNING * * *
You hit the wyvern zombie.
You claw the wyvern zombie, but do no damage.
The wyvern zombie is almost destroyed.
The wyvern zombie bites you.
You die...

##### #.#.#
#
#+#'#'#'#'#'
+........M..
#.##Z##'##'
.' #@..# ##
#.∩.# #..∩#
#####


You could see a wyvern zombie.

Vanquished Creatures
  Grinder (D:4)
  Sigmund (D:2)
  A water moccasin (D:5)
  A black bear (D:3)
  An ogre (D:5)
  2 scorpions
  A bullfrog zombie (Ossuary)
  A jelly (D:4)
  Ijyb (D:4)
  Jessica (D:2)
  A sleepcap (D:5)
  3 iguanas (D:4)
  2 killer bee zombies (Ossuary)
  8 mummies
  2 gnolls
  5 adders
  2 worms (D:2)
  A dart slug (D:2)
  5 orcs
  5 endoplasms
  3 giant cockroaches
  6 goblins
  6 hobgoblins
  6 jackals (D:2)
  3 quokkas
  3 ball pythons
  5 bats
  8 frilled lizards
  6 kobolds
  3 rats
94 creatures vanquished.

Notes
Turn   | Place    | Note
-------+----------+-------------------------------------------
     0 | D:1      | BinkBink the Tengu Monk began the quest for the Orb.
     0 | D:1      | Reached XP level 1. HP: 14/14 MP: 2/2
    61 | D:1      | Reached XP level 2. HP: 19/19 MP: 3/3
   479 | D:1      | Reached skill level 4 in Dodging
   479 | D:1      | Reached XP level 3. HP: 17/23 MP: 4/4
   881 | D:2      | Noticed Jessica
   894 | D:2      | Killed Jessica
   895 | D:2      | Reached XP level 4. HP: 28/28 MP: 5/5
  1111 | D:2      | Found a faded altar of an unknown god.
  1142 | D:2      | Noticed Sigmund
  1144 | D:2      | Prayed at the altar of an unknown god.
  1144 | D:2      | Became a worshipper of Uskayaw the Reveller
  1144 | D:2      | Reached * piety under Uskayaw
  1144 | D:2      | Reached ** piety under Uskayaw
  1165 | D:2      | Killed Sigmund
  1165 | D:2      | Reached *** piety under Uskayaw
  1166 | D:2      | Reached skill level 5 in Dodging
  1166 | D:2      | Reached XP level 5. HP: 21/33 MP: 6/6
  1166 | D:2      | Reached XP level 6. HP: 25/38 MP: 7/7
  1884 | D:3      | Noticed a black bear
  1895 | D:3      | Killed a black bear
  1896 | D:3      | Reached skill level 6 in Dodging
  2623 | D:3      | Found a burning altar of Makhleb.
  3052 | D:4      | Noticed Grinder
  3055 | D:4      | Paralysed by Grinder for 3 turns
  3064 | D:4      | Killed Grinder
  3065 | D:4      | Reached skill level 5 in Short Blades
  3065 | D:4      | Gained mutation: Your magical flight helps you evade
                  | attacks. (EV +4) [Tengu growth]
  3065 | D:4      | Reached XP level 7. HP: 26/44 MP: 8/8
  3238 | D:4      | Noticed Ijyb
  3269 | D:4      | Killed Ijyb
  3270 | D:4      | Reached skill level 7 in Dodging
  3415 | D:4      | Reached skill level 5 in Fighting
  4002 | D:5      | Entered Level 5 of the Dungeon
  4009 | D:5      | Reached XP level 8. HP: 10/49 MP: 9/9
  4111 | D:5      | Reached skill level 8 in Dodging
  4117 | D:5      | Reached **** piety under Uskayaw
  4216 | D:5      | Found a sand-covered staircase.
  4226 | Ossuary  | Entered an ossuary
  4282 | Ossuary  | Reached ***** piety under Uskayaw
  4308 | Ossuary  | HP: 2/51 [killer bee zombie (6)]
  4320 | Ossuary  | HP: 2/51 [wyvern zombie (2)]
  4321 | Ossuary  | Slain by a wyvern zombie

Illustrated notes

Levels and vault maps discovered:
D:1:      minmay_arrival_five_plusses, layout_loops_cross, minmay_lizard_king
D:2:      layout_loops_corners, chequers_ecumenical_altar_island,
          kennysheep_nondescript, cheibrodos_gnoll_hut, uniq_jessica,
          uniq_sigmund
D:3:      layout_basic, lightli_temple_of_fire
D:4:      layout_gridville, uniq_ijyb, uniq_grinder
D:5:      layout_basic, mainiacjoe_overflow_concentric_impassable,
          gup_ossuary_entry_pyramid
Ossuary:  ossuary_zaba_flooded

Skill      XL: |  1  2  3  4  5  6  7  8 |
---------------+-------------------------+-----
Dodging        | 4 5 6 7 8 |  8.4
Fighting       | 4 5 |  5.7
Short Blades   | 4 5 6 |  6.3

Action                     |  1- 3 |  4- 6 |  7- 9 || total
---------------------------+-------+-------+-------++-------
  Melee: Short sword       |    58 |    77 |   190 ||   325
         Kick              |    22 |    36 |    88 ||   146
         Peck              |     9 |    15 |    54 ||    78
    Use: Scroll            |       |     3 |     2 ||     5
         Potion            |       |       |     1 ||     1
   Stab: Paralysed         |       |     2 |     5 ||     7
 Armour: Robe              |    16 |    20 |    33 ||    69
  Dodge: Dodged            |    36 |    57 |   115 ||   208

Table legend: (Time is in decaauts)
 A = Elapsed time spent in this place.
 B = Non-inter-level travel time spent in this place.
 C = Inter-level travel time spent in this place.
 D = Time resting spent in this place.
 E = Time spent auto-exploring this place.
 F = Levels seen in this place.
 G = Mean time per level.
                   A        B        C        D        E       F      G
               +--------+--------+--------+--------+--------+-----+--------+
         Total |   4246 |   4082 |    164 |    332 |   3109 |   6 |  707.7 |
       Dungeon |   4169 |   4005 |    164 |    313 |   3109 |   5 |  833.8 |
       Ossuary |     76 |     76 |      0 |     19 |      0 |   1 |   76.0 |
               +--------+--------+--------+--------+--------+-----+--------+

Top non-repeatable levels by time:
     D:2: 1148 daAuts
     D:3: 1060 daAuts
     D:4: 1045 daAuts
     D:1: 703 daAuts
     D:5: 211 daAuts
 Ossuary: 76 daAuts
